 Dungeon Crawl Stone Soup version 0.27.1-33-g824d729ab1 (webtiles) character file.

Game seed: 4465615178660814557

63 Grabarz the Insei (level 3, -9/26 HPs)
             Began as a Demonspawn Transmuter on Dec 2, 2021.
             Mangled by Sigmund (13 damage)
             ... on level 2 of the Dungeon.
             The game lasted 00:17:37 (1760 turns).

Grabarz the Insei (Demonspawn Transmuter)           Turns: 1760, Time: 00:17:37

Health: -9/26      AC:  2    Str: 11    XL:     3   Next: 87%
Magic:  6/6        EV: 12    Int: 14    God:
Gold:   44         SH:  5    Dex: 13    Spells: 3/6 levels left

rFire    . . .     SeeInvis .     - Unarmed
rCold    + . .     Faith    .   (no shield)
rNeg     . . .     Spirit   .   d - +0 robe {rC+}
rPois    .         Reflect  +   (no helmet)
rElec    .         Harm     .   (no cloak)
rCorr    .         Rampage  .   (no gloves)
Will     .....                  (no boots)
Stlth    +.........             c - amulet of reflection
HPRegen  0.08/turn              e - ring of flight
MPRegen  0.10/turn              (no ring)

@: wereblooded (expiring), flying
A: talons 1
a: no special abilities


You were on level 2 of the Dungeon.
You visited 1 branch of the dungeon, and saw 2 of its levels.

You collected 44 gold pieces.

Inventory:

Armour
 d - a +0 robe of cold resistance (worn)
Jewellery
 c - an amulet of reflection (around neck)
 e - a ring of flight (left hand)
Scrolls
 b - 3 scrolls of enchant weapon


   Skills:
 + Level 1.1 Fighting
 + Level 2.4 Dodging
 + Level 3.3 Unarmed Combat
 + Level 2.2 Spellcasting
 + Level 2.4 Transmutations


You had 3 spell levels left.
You knew the following spells:

 Your Spells              Type           Power      Damage    Failure   Level
a - Beastly Appendage     Tmut           16%        N/A       9%          1
b - Wereblood             Tmut           8%         N/A       13%         2

Your spell library contained the following spells:

 Spells                   Type           Power      Damage    Failure   Level
 Spider Form              Tmut/Pois      2%         N/A       38%         3
 Ozocubu's Armour         Ice            1%         N/A       56%         3
 Ice Form                 Ice/Tmut       4%         N/A       80%         4
 Ozocubu's Refrigeration  Ice            0%         4d5       100%        7


Dungeon Overview and Level Annotations

Branches:
Dungeon (2/15)

Altars:

Annotations:
D:2 Sigmund


Innate Abilities, Weirdness & Mutations

You have sharp toenails.


Message History

You completely miss the rat. The rat barely misses you.
You barely miss the rat. The rat closely misses you.
You hit the rat.
You kill the rat!
You hit the kobold.
You kill the kobold!
The jackal completely misses you.
You hit the jackal. You claw the jackal.
The jackal is severely wounded.
You block the jackal's attack.
Sigmund shouts!
You hit the jackal.
You kill the jackal!
A jackal comes into view.
You see here a +0 short sword.
Sigmund hits you from afar with a +0 scythe!
A worm comes into view.
Sigmund closely misses you.
You hit Sigmund. Your kick misses Sigmund.
Sigmund is lightly wounded.
You closely miss Sigmund.
Sigmund is lightly wounded.
Sigmund hits you with a +0 scythe!
Ouch! That really hurt!
* * * LOW HITPOINT WARNING * * *
As you read the scroll labelled SACECZ KU RIN, it crumbles to dust.
It is a scroll of identify.
b - 3 scrolls of enchant weapon Sigmund gestures wildly while chanting.
Sigmund flickers and vanishes!
Deactivating autopickup; reactivate with Ctrl-A.
You howl as the wereblood boils in your veins!
Your primal bloodlust is almost over.
You see here a +0 short sword.
The jackal closely misses you. You block the jackal's attack.
There is a stone staircase leading up here.
The jackal closely misses you. Something hits you!
Ouch! That really hurt!
You die...

#.....K...#..#
#...#.###.##...#
. # #.##w#.#
..##.#.#
.####)#.# ####.#
#. ##.#.# ...#.#
.#.###....#
##.#.#
........h.#
##.#.#
##.###..@##
##.#.## #.# ##.##
##.#..## #.# #.#
.......###.## #.#
.##.##......###.#
#.###.#.##......#
##...##.##.######
#.†.#..##.#
#...##.##.#


You could see a worm and a jackal.

Vanquished Creatures
  2 adders (D:2)
  A gnoll (D:1)
  A dart slug (D:1)
  5 ball pythons
  5 bats
  3 endoplasms
  2 giant cockroaches
  3 goblins (D:1)
  2 hobgoblins (D:1)
  A jackal (D:2)
  2 quokkas (D:2)
  2 frilled lizards
  2 kobolds
  A rat (D:2)
32 creatures vanquished.

Notes
Turn   | Place    | Note
-------+----------+-------------------------------------------
     0 | D:1      | Grabarz the Demonspawn Transmuter began the quest for the
                  | Orb.
     0 | D:1      | Reached XP level 1. HP: 15/15 MP: 3/3
    91 | D:1      | Mutation became permanent: You have sharp toenails.
                  | [demonic ancestry]
    91 | D:1      | Gained mutation: You have razor-sharp toenails. [demonic
                  | ancestry]
    91 | D:1      | Reached XP level 2. HP: 18/21 MP: 3/5
   145 | D:1      | Reached skill level 3 in Unarmed Combat
   409 | D:1      | Learned a level 2 spell: Wereblood
   678 | D:1      | Found a faded altar of an unknown god.
  1006 | D:1      | Reached XP level 3. HP: 26/26 MP: 3/6
  1728 | D:2      | Noticed Sigmund
  1760 | D:2      | Mangled by Sigmund

Illustrated notes

Levels and vault maps discovered:
D:1:      zaba_arrival_water, layout_basic,
          shapermc_ecumenical_altar_totnotflames
D:2:      layout_loops_ring, minmay_heptomino_d4, uniq_robin, uniq_natasha,
          uniq_sigmund

Skill      XL: |  1  2 |
---------------+-------+-----
Dodging        | 2 |  2.4
Unarmed Combat | 3 |  3.3
Transmutations | 2 |  2.4
Fighting       | |  1.1
Spellcasting   | |  2.2

Action                   || total
-------------------------++-------
Melee: Unarmed           ||   123
       Headbutt          ||     4
       Kick              ||    16
       Punch             ||     2
 Cast: Beastly Appendage ||     5
       Wereblood         ||    13
  Use: Scroll            ||     4
       Potion            ||     2
Armor: Robe              ||    27
Dodge: Dodged            ||    72
Block: Other             ||    23
